AoeStats
← Caronte

Black Forest

509699973Analyzed
4v4 RM · 6d ago on Sep 27, 2026· 59m 5s· 8 players
Game mode
Random Map
Map size
Large (8 player)
Population
200
Speed
Normal
Resources
Standard
Victory
Conquest
Starting age
Dark Age
Ending age
Imperial Age
RankedLock teamsTeams togetherTeam positionsShared explorationLock speedFull tech treeHidden civsTurbo modeCheats
Victory
Defeat
🇳🇱 Saxons · Netherlands
955
+12
🇦🇷 Poles · Argentina
902
+14
🇦🇷 Ethiopians · Argentina
899
+14
🇳🇱 Danes · Netherlands
881
+16
🇲🇽 Vietnamese · Mexico
893
-15
🇨🇿 Turks · Czechia
880
-14
🇪🇸 Slavs · Spain
856
-14
🇪🇸 Persians · Spain
835
-13
rzR^
12:30 Feudal Age
16:39 Castle Age
16:34 Horse Collar
16:41 Double-Bit Axe
16:54 Stone Mining
16:56 Gold Mining
19:02 Loom
20:33 Bow Saw
20:29 Heavy Plow
25:28 Caravan
27:16 Stone Mining
31:28 Wheelbarrow
31:07 Gold Mining
34:17 Imperial Age
32:15 Padded Archer Armor
32:06 Fletching
34:54 Gold Shaft Mining
34:33 Bodkin Arrow
34:54 Leather Archer Armor
36:26 Two-Man Saw
36:09 Hand Cart
36:37 Elite Janissary
37:41 Ballistics
38:27 Artillery
38:41 Bracer
39:19 Ring Archer Armor
39:54 Conscription
39:58 Bombard Tower
41:51 Forging
41:47 Scale Barding Armor
SrCervecita
2:20 Loom
14:36 Feudal Age
16:31 Wheelbarrow
15:45 Double-Bit Axe
15:42 Horse Collar
16:42 Gold Mining
24:02 Castle Age
22:59 Stone Mining
25:41 Bow Saw
25:34 Heavy Plow
25:59 Hand Cart
25:45 Town Watch
27:25 Town Patrol
30:07 Gold Shaft Mining
29:52 Caravan
34:08 Imperial Age
32:24 Fortified Wall
33:12 Detinets
32:38 Pikeman
33:19 Squires
34:58 Scale Barding Armor
35:03 Forging
34:19 Crossbowman
36:08 Hoardings
36:44 Chemistry
38:02 Two-Man Saw
37:36 Crop Rotation
36:45 Halberdier
37:50 Chain Barding Armor
38:14 Iron Casting
37:46 Scale Mail Armor
38:02 Elite Skirmisher
38:38 Elite Boyar
42:16 Bloodlines
42:47 Imperial Skirmisher
43:47 Husbandry
43:41 Man-at-Arms
45:51 Long Swordsman
47:58 Blast Furnace
47:15 Cavalier
48:56 Two-Handed Swordsman
Neoikana
3:10 Loom
11:48 Feudal Age
12:34 Horse Collar
12:52 Double-Bit Axe
14:41 Wheelbarrow
17:58 Fletching
25:09 Castle Age
24:08 Padded Archer Armor
25:18 Stone Mining
25:51 Bodkin Arrow
26:52 Heavy Plow
27:12 Bow Saw
30:44 Hand Cart
30:39 Gold Mining
31:41 Fortified Wall
37:20 Imperial Age
35:15 Thumb Ring
35:52 Ballistics
37:13 Caravan
37:49 Elite Fire Lancer
38:43 Scale Mail Armor
40:10 Two-Man Saw
39:32 Squires
40:31 Crop Rotation
41:37 Paper Money
42:21 Chain Mail Armor
46:24 Plate Mail Armor
46:22 Pikeman
50:35 Bracer
50:38 Chatras
52:23 Bloodlines
52:14 Husbandry
51:38 Elite Battle Elephant
53:43 Scale Barding Armor
Policarpa
0:31 Loom
11:50 Feudal Age
13:07 Wheelbarrow
12:18 Town Watch
12:25 Double-Bit Axe
15:42 Horse Collar
21:43 Castle Age
20:54 Stone Mining
20:59 Gold Mining
22:24 Town Patrol
22:43 Hand Cart
22:42 Bow Saw
24:15 Heavy Plow
26:50 Caravan
32:49 Imperial Age
31:14 Murder Holes
31:39 Ballistics
34:09 Chemistry
33:29 Kamandaran
33:53 Conscription
34:59 Two-Man Saw
34:45 Thumb Ring
34:15 Elite Skirmisher
35:42 Fervor
35:47 Block Printing
35:28 Herbal Medicine
36:09 Theocracy
35:35 Devotion
35:43 Crossbowman
35:44 Imperial Skirmisher
37:51 Padded Archer Armor
38:19 Bloodlines
37:30 Heavy Camel Rider
39:02 Onager
41:04 Scale Barding Armor
40:50 Fletching
44:10 Pikeman
44:54 Light Cavalry
45:40 Hussar
48:04 Halberdier
50:43 Forging
50:34 Scale Mail Armor
51:35 Citadels
51:16 Elite War Elephant
PrinsVederlicht
0:34 Loom
12:40 Feudal Age
12:46 Man-at-Arms
13:32 Double-Bit Axe
14:12 Horse Collar
18:56 Gold Mining
19:55 Fletching
24:10 Castle Age
22:53 Gold Mining
24:37 Stone Mining
25:31 Wheelbarrow
26:13 Bow Saw
26:05 Heavy Plow
32:18 Redemption
35:16 Scale Mail Armor
37:51 Imperial Age
35:38 Hand Cart
35:23 Pikeman
36:09 Squires
35:58 Arson
36:34 Chain Mail Armor
37:53 Forging
37:56 Halberdier
39:03 Conscription
38:24 Shield Wall
39:51 Gold Shaft Mining
39:06 Elite Varangian Guard
40:37 Iron Casting
40:51 Plate Mail Armor
40:47 Clerical Recruitment
45:02 Bodkin Arrow
45:32 Ballistics
45:26 Masonry
45:32 Onager
48:19 Bracer
48:21 Padded Archer Armor
48:19 Elite Hearth Troop
54:04 Hoardings
53:53 Caravan
54:32 Leather Archer Armor
58:30 Scale Barding Armor
58:56 Ring Archer Armor
QuickSilver
0:28 Loom
10:40 Feudal Age
11:08 Double-Bit Axe
11:04 Horse Collar
16:52 Wheelbarrow
16:54 Stone Mining
17:00 Stone Mining
19:33 Castle Age
18:01 Arson
19:03 Forging
20:44 Fletching
21:48 Squires
23:02 Wheelbarrow
22:13 Town Watch
24:02 Scale Mail Armor
30:25 Hamask
31:22 Murder Holes
32:23 Heavy Plow
32:37 Bow Saw
37:10 Imperial Age
35:22 Hand Cart
35:46 Iron Casting
35:56 Caravan
35:55 Gold Mining
37:12 Town Patrol
37:35 Chain Mail Armor
37:21 Capped Ram
39:49 Blast Furnace
39:20 Plate Mail Armor
38:46 Bodkin Arrow
38:38 Siege Ram
38:53 Northmen's Fury
39:58 Conscription
39:02 Northmen's Fury
40:20 Elite Jomsviking
42:06 Hoardings
42:59 Onager
45:38 Elite Skirmisher
46:24 Thumb Ring
48:46 Bracer
48:46 Padded Archer Armor
50:49 Chemistry
51:33 Ballistics
51:27 Masonry
53:42 Coinage
53:33 Leather Archer Armor
53:35 Arrowslits
55:49 Siege Engineers
56:32 Siege Onager
joaqo9909
11:38 Feudal Age
13:35 Loom
16:24 Castle Age
14:54 Double-Bit Axe
14:55 Horse Collar
20:10 Double-Bit Axe
23:58 Heavy Plow
26:35 Bow Saw
27:32 Wheelbarrow
27:44 Bloodlines
27:45 Light Cavalry
31:22 Imperial Age
29:30 Forging
29:25 Scale Barding Armor
29:37 Husbandry
30:19 Hand Cart
30:18 Murder Holes
31:50 Iron Casting
31:35 Chain Barding Armor
31:58 Masonry
32:12 Chain Barding Armor
31:43 Winged Hussar
33:29 Crop Rotation
34:06 Conscription
35:57 Blast Furnace
34:58 Scale Mail Armor
34:45 Elite Obuch
34:59 Capped Ram
38:35 Chain Mail Armor
40:21 Lechitic Legacy
44:43 Plate Mail Armor
Caronte
0:35 Loom
11:41 Feudal Age
13:02 Wheelbarrow
12:16 Double-Bit Axe
12:18 Horse Collar
20:22 Castle Age
18:44 Stone Mining
19:31 Gold Mining
21:23 Hand Cart
21:53 Bow Saw
21:48 Heavy Plow
23:57 Town Watch
32:28 Imperial Age
30:43 Caravan
32:46 Gold Shaft Mining
32:46 Stone Shaft Mining
32:18 Padded Archer Armor
32:08 Fletching
32:20 Scale Mail Armor
32:31 Forging
32:27 Scale Barding Armor
32:56 Thumb Ring
32:12 Crossbowman
33:35 Conscription
33:58 Town Patrol
33:58 Arbalester
36:20 Chemistry
36:13 Leather Archer Armor
35:54 Bodkin Arrow
37:06 Ballistics
38:23 Siege Engineers
38:28 Heavy Scorpion
39:58 Ring Archer Armor
40:20 Elite Skirmisher
42:27 Halberdier
43:08 Squires
44:14 Elite Shotel Warrior
47:24 Two-Man Saw
46:29 Arson
47:26 Elite Shotel Warrior
48:12 Torsion Engines
48:57 Capped Ram
50:27 Bracer
51:03 Iron Casting
51:43 Siege Ram
56:45 Blast Furnace
56:06 Chain Barding Armor
56:02 Chain Mail Armor
Connection lost

Rejoining the realm…

Still unreachable

The connection could not be restored.

Session expired

The server has moved on; the page needs a fresh start.